[Event "Titled Tuesday Blitz March 22 Early 2022"]
[White "Winkels, Marcel"]
[Black "Sztokbant, Bernardo Vainzoff"]
[WhiteFideId "1003887"]
[BlackFideId "2115956"]
[WhiteElo "1900"]
[BlackElo "2237"]
[Result "1/2-1/2"]
[Round "03"]
[TimeControl "180+1"]
[Date "2022.03.22"]
[WhiteClock "0:01:42"]
[BlackClock "0:00:21"]

1. e4 c6 2. d4 d5 3. exd5 cxd5 4. c4 Nf6 5. Nc3 Nc6 6. Bg5 e6 7. c5 Be7 8. Bb5 O-O 9. Bxc6 bxc6 10. Nf3 Ne4 11. Bxe7 Qxe7 12. O-O Rb8 13. Rb1 Ba6 14. Re1 Nxc3 15. bxc3 Qc7 16. Ne5 Rxb1 17. Qxb1 Rb8 18. Qc2 Qb7 19. h4 f6 20. Nd3 Bxd3 21. Qxd3 Qd7 22. Rb1 Qc8 23. Rb3 Rxb3 24. axb3 Qb7 25. b4 e5 26. dxe5 fxe5 27. Qf5 Qc7 28. Qe6+ Kf8 29. Qf5+ Kg8 30. Qe6+ Kf8 31. Qf5+ Kg8 1/2-1/2


[Site "https://www.chess.com"]

[Event "Titled Tuesday Blitz March 22 Early 2022"]
[White "Yeletsky, Ivan"]
[Black "Budrewicz, Krzysztof"]
[WhiteFideId "24180327"]
[BlackFideId "1127950"]
[WhiteElo "2303"]
[BlackElo "2248"]
[Result "1-0"]
[Round "03"]
[TimeControl "180+1"]
[Date "2022.03.22"]
[WhiteClock "0:00:49"]
[BlackClock "0:00:45"]

1. e4 c5 2. Nf3 e6 3. Qe2 Nc6 4. g3 Nf6 5. Bg2 e5 6. O-O Be7 7. c3 O-O 8. d3 d6 9. a4 Re8 10. Na3 Bf8 11. Bg5 h6 12. Bxf6 Qxf6 13. Nd2 Qd8 14. Ndc4 a6 15. Ne3 Rb8 16. f4 b5 17. axb5 axb5 18. f5 Bd7 19. h4 Be7 20. Nac2 b4 21. Nd5 Bf8 22. f6 g6 23. h5 g5 24. Nce3 Be6 25. Ra6 Qd7 26. Rfa1 Rb7 27. Kh2 Reb8 28. R1a2 bxc3 29. bxc3 Rb1 30. Ra8 Rxa8 31. Rxa8 Rb8 32. Ra6 Qb7 33. Qa2 Qd7 34. Qa4 Nd8 35. Ne7+ Kh7 36. Qxd7 Bxd7 37. Rxd6 Be6 38. N3d5 Bxd5 39. exd5 Ra8 40. Kh3 Nb7 41. Rb6 Na5 42. d6 Rd8 43. Be4+ Kh8 44. c4 1-0


[Site "https://www.chess.com"]

[Event "Titled Tuesday Blitz March 22 Early 2022"]
[White "Zemerov, Vladimir"]
[Black "Karas, Marek"]
[WhiteFideId "4111583"]
[BlackFideId "14928558"]
[WhiteElo "2277"]
[BlackElo "2271"]
[Result "0-1"]
[Round "03"]
[TimeControl "180+1"]
[Date "2022.03.22"]
[WhiteClock "0:00:09"]
[BlackClock "0:00:38"]

1. d4 Nf6 2. c4 g6 3. Nc3 Bg7 4. e4 d6 5. h3 O-O 6. Bg5 c5 7. d5 b6 8. Bd3 a6 9. Nf3 b5 10. cxb5 axb5 11. Nxb5 Ba6 12. a4 Bxb5 13. axb5 Nbd7 14. O-O Qb6 15. Ra6 Rxa6 16. bxa6 c4 17. Bxc4 Nxe4 18. Bxe7 Re8 19. Bh4 Bxb2 20. Qa4 Nec5 21. Qb5 Ra8 22. Rb1 Qxb5 23. Bxb5 Bf6 24. Bxd7 Nxd7 25. Bxf6 Nxf6 26. Rb6 Nxd5 27. Rxd6 Nb4 28. Ne5 Nxa6 29. Rd7 Rf8 30. f4 Nc5 31. Ra7 Ne6 32. g3 h5 33. h4 Nd4 34. Kf2 Nf5 35. Kf3 Nh6 36. Ke4 Rc8 37. Nd7 Rc3 38. Nf6+ Kg7 39. Ne8+ Kf8 40. Ra8 Rxg3 41. Nf6+ Ke7 42. Nd5+ Kd6 43. Ra7 Rg4 44. Ra6+ Kc5 45. Ra5+ Kc6 46. Ra6+ Kb5 47. Rb6+ Kc5 48. Rb8 Rxh4 49. Rc8+ Kd6 50. Rd8+ Kc6 51. Rc8+ Kd7 52. Rc7+ Kd6 53. Rc8 Rh1 54. Rd8+ Kc6 55. Rc8+ Kd7 56. Rc7+ Kd6 57. Rc8 Re1+ 58. Ne3 Nf5 59. Rd8+ Ke7 60. Rd3 Rxe3+ 61. Rxe3 Nxe3 0-1


[Site "https://www.chess.com"]

[Event "Titled Tuesday Blitz March 22 Early 2022"]
[White "Zhigalko, Sergei"]
[Black "Donchenko, Alexander"]
[WhiteFideId "13502956"]
[BlackFideId "24603295"]
[WhiteElo "2662"]
[BlackElo "2539"]
[Result "1/2-1/2"]
[Round "03"]
[TimeControl "180+1"]
[Date "2022.03.22"]
[WhiteClock "0:00:04"]
[BlackClock "0:00:06"]

1. e4 c6 2. d4 d5 3. e5 Bf5 4. Nf3 e6 5. Be2 Ne7 6. O-O h6 7. Nbd2 Nd7 8. a4 a5 9. Re1 Bh7 10. Nf1 Nf5 11. Bd3 Be7 12. c3 Rc8 13. Ng3 Nxg3 14. Bxh7 Rxh7 15. hxg3 c5 16. Be3 Rh8 17. Qe2 Qb6 18. g4 Qa6 19. Qd1 cxd4 20. Bxd4 Nc5 21. g3 Qd3 22. Nd2 Nd7 23. Re3 Qa6 24. Kg2 Nb8 25. Nf3 Nc6 26. Re1 Nxd4 27. Nxd4 Qb6 28. Re2 Bc5 29. Nb5 Be7 30. Qd3 Rc4 31. f3 g6 32. b3 Rc8 33. Rh1 Kf8 34. f4 Qc6 35. Qf3 Qd7 36. Rf2 Kg7 37. Rhf1 Bc5 38. Rd2 Rhe8 39. Rd3 Qc6 40. f5 exf5 41. gxf5 Rxe5 42. fxg6 Qxg6 43. Rxd5 Rce8 44. Rxe5 Rxe5 45. Nd4 Bxd4 46. cxd4 Rg5 47. Rf2 b6 48. Kh2 Rh5+ 49. Kg2 Rg5 50. Kh2 Rh5+ 51. Kg2 Rg5 1/2-1/2


[Site "https://www.chess.com"]

[Event "Titled Tuesday Blitz March 22 Early 2022"]
[White "volunteers1998"]
[Black "Shandrygin, Nikita"]
[BlackFideId "24198668"]
[WhiteElo "2249"]
[BlackElo "2324"]
[Result "0-1"]
[Round "03"]
[TimeControl "180+1"]
[Date "2022.03.22"]
[WhiteClock "0:00:04"]
[BlackClock "0:00:23"]

1. e4 c5 2. Nf3 e6 3. d4 Nc6 4. d5 Nce7 5. d6 Ng6 6. e5 f6 7. Bd3 Nxe5 8. Nxe5 f5 9. Qh5+ g6 10. Nxg6 Nf6 11. Qh3 Rg8 12. Nxf8 Kxf8 13. Bh6+ Kf7 14. Nc3 a6 15. O-O-O b5 16. f4 Bb7 17. Bg5 Qf8 18. Bxf6 Kxf6 19. Rhg1 Qxd6 20. Qh6+ Rg6 21. Qxh7 Qxf4+ 22. Kb1 Bc6 23. g3 Qg5 24. Qh3 Rh6 25. Qf1 Rxh2 26. g4 Rg8 27. gxf5 Qxg1 28. Qxg1 Rxg1 29. Rxg1 exf5 30. b3 f4 31. Rf1 Kg5 32. Ne4+ Bxe4 33. Bxe4 Re2 34. Bb7 a5 35. Ba6 d6 36. Bxb5 Re3 37. Rd1 Re6 38. Bd7 Rf6 39. Bc6 Kg4 40. Rg1+ Kh4 41. Bf3 Kh3 42. Kb2 Kh2 43. Rg4 Kh3 44. Ka3 d5 45. Ka4 d4 46. Kxa5 d3 47. cxd3 Rd6 48. Kb5 Rxd3 49. a4 Rxf3 50. Rg8 Rxb3+ 51. Kc4 Ra3 52. Kxc5 Rxa4 53. Rf8 Kg3 54. Kb5 Re4 55. Kc5 f3 56. Kd5 Rf4 57. Rg8+ Kh2 58. Rh8+ Kg1 59. Rg8+ Kf2 60. Re8 Kf1 61. Rg8 f2 62. Re8 Kg2 63. Rg8+ Kf3 64. Re8 f1=Q 0-1


[Site "https://www.chess.com"]

[Event "Titled Tuesday Blitz March 22 Early 2022"]
[White "Aaditya Dhingra"]
[Black "Seo, Jung Min"]
[WhiteFideId "25678191"]
[BlackFideId "1734687"]
[WhiteElo "1849"]
[BlackElo "2401"]
[Result "0-1"]
[Round "04"]
[TimeControl "180+1"]
[Date "2022.03.22"]
[WhiteClock "0:00:48"]
[BlackClock "0:01:35"]

1. Nf3 Nf6 2. g3 b5 3. Bg2 Bb7 4. O-O e6 5. d3 Be7 6. e4 d6 7. Nbd2 O-O 8. h4 c5 9. a4 a6 10. Re1 Nc6 11. Nf1 Qc7 12. Ne3 Rfe8 13. Nh2 Rad8 14. Nhg4 Nxg4 15. Nxg4 Bf8 16. h5 Ne5 17. Nh2 d5 18. Bf4 Bd6 19. h6 g6 20. Ng4 Nxg4 21. Bxd6 Qxd6 22. Qxg4 dxe4 23. dxe4 e5 24. axb5 axb5 25. Bf3 Qf6 26. Ra7 Bc8 27. Qh4 Qxf3 0-1


[Site "https://www.chess.com"]

[Event "Titled Tuesday Blitz March 22 Early 2022"]
[White "Agibileg, Uurtsaikh"]
[Black "Lazavik, Denis"]
[WhiteFideId "4901606"]
[BlackFideId "13515110"]
[WhiteElo "2205"]
[BlackElo "2437"]
[Result "0-1"]
[Round "04"]
[TimeControl "180+1"]
[Date "2022.03.22"]
[WhiteClock "0:00:15"]
[BlackClock "0:01:44"]

1. d4 f5 2. c4 Nf6 3. g3 g6 4. Bg2 Bg7 5. Nf3 O-O 6. O-O d6 7. b3 e5 8. dxe5 dxe5 9. Ba3 Qxd1 10. Rxd1 Re8 11. Nc3 e4 12. Nd4 c6 13. f3 Nbd7 14. fxe4 fxe4 15. Bd6 Ne5 16. Rac1 Bh6 17. Rc2 Neg4 18. Bf4 Bxf4 19. gxf4 Ne3 20. Rdd2 Nxc2 21. Nxc2 e3 22. Rd6 Nh5 23. Nd4 Nxf4 24. Ne4 Kg7 25. Bf3 Bh3 26. Ng5 Rad8 27. Rxd8 Rxd8 28. Nxh3 Rxd4 29. Nxf4 Rxf4 30. Kg2 Kf6 0-1


[Site "https://www.chess.com"]

[Event "Titled Tuesday Blitz March 22 Early 2022"]
[White "Alinasab, Mobina"]
[Black "Samarth, J Rao"]
[WhiteFideId "12528897"]
[BlackFideId "46652370"]
[WhiteElo "2052"]
[BlackElo "1514"]
[Result "1-0"]
[Round "04"]
[TimeControl "180+1"]
[Date "2022.03.22"]
[WhiteClock "0:00:13"]
[BlackClock "0:00:05"]

1. e4 c5 2. Nf3 g6 3. d4 cxd4 4. Nxd4 Bg7 5. c4 Nc6 6. Be3 Nf6 7. Nc3 d6 8. f3 O-O 9. Qd2 Bd7 10. Be2 a5 11. b3 Nxd4 12. Bxd4 Bc6 13. g4 Nd7 14. Be3 Nc5 15. h4 Qb6 16. h5 a4 17. hxg6 fxg6 18. Rb1 axb3 19. axb3 Qb4 20. Nd5 Qxd2+ 21. Bxd2 Bxd5 22. cxd5 Ra2 23. Bb4 Bd4 24. Rh3 Na6 25. Bd2 Rc8 26. Bc4 Nc5 27. Bb4 Nd7 28. f4 Ne5 29. fxe5 Rf8 30. exd6 Rff2 31. dxe7 Kf7 32. e8=Q+ Kxe8 33. d6 Kd7 34. Bb5+ Ke6 35. Bc4+ Ke5 36. Rxh7 Rg2 37. Rh1 Bf2+ 38. Kf1 Be3 39. Bc3+ Kf4 40. d7 Kf3 41. d8=Q Raf2+ 42. Ke1 Re2+ 43. Bxe2+ Rxe2+ 44. Kd1 1-0


[Site "https://www.chess.com"]

[Event "Titled Tuesday Blitz March 22 Early 2022"]
[White "Al-Tarboush, Ward"]
[Black "Tsydypov, Zhamsaran"]
[WhiteFideId "7601450"]
[BlackFideId "4108566"]
[WhiteElo "2276"]
[BlackElo "2614"]
[Result "0-1"]
[Round "04"]
[TimeControl "180+1"]
[Date "2022.03.22"]
[WhiteClock "0:02:16"]
[BlackClock "0:02:56"]

1. e4 c5 2. Nf3 Nc6 3. d4 cxd4 4. Nxd4 e6 5. Nc3 d6 6. Be3 a6 7. g4 Nge7 8. g5 b5 9. Nxc6 Nxc6 10. h4 Bb7 11. Bg2 Ne5 12. Qd4 Nc4 13. O-O-O Qa5 14. Bf1 e5 15. Qd3 Qb4 16. Na4 Qxa4 0-1


[Site "https://www.chess.com"]

[Event "Titled Tuesday Blitz March 22 Early 2022"]
[White "Andreikin, Dmitry"]
[Black "Xu, Yi"]
[WhiteFideId "4158814"]
[BlackFideId "8605564"]
[WhiteElo "2736"]
[BlackElo "2471"]
[Result "1-0"]
[Round "04"]
[TimeControl "180+1"]
[Date "2022.03.22"]
[WhiteClock "0:00:19"]
[BlackClock "0:00:03"]

1. d4 Nf6 2. Nf3 d5 3. c4 e6 4. g3 Be7 5. Bg2 O-O 6. O-O dxc4 7. Qc2 a6 8. a4 Bd7 9. Qxc4 Bc6 10. Bf4 Nbd7 11. Qc1 Bd6 12. Nc3 Qe7 13. a5 h6 14. Rd1 Nd5 15. Bd2 N7f6 16. Ne5 Nxc3 17. Bxc3 Bxg2 18. Kxg2 Rfd8 19. Qc2 Rac8 20. Nc4 c5 21. Qb3 Nd5 22. e4 Nxc3 23. bxc3 cxd4 24. cxd4 e5 25. dxe5 Bxe5 26. Nxe5 Qxe5 27. Qxb7 Qe6 28. h4 Rxd1 29. Rxd1 Re8 30. Rd4 Qe5 31. Ra4 Re6 32. Rc4 Rf6 33. Qd5 Qb2 34. Qd4 Qxd4 35. Rxd4 Rc6 36. Rd8+ Kh7 37. Rd5 Kg6 38. f4 Kf6 39. h5 Ke6 40. f5+ Kf6 41. Kf3 Rc1 42. Rd6+ Ke5 43. Rd5+ Kf6 44. Rd6+ Ke5 45. Rxa6 Rc3+ 46. Kg4 Kxe4 47. Ra7 f6 48. Rxg7 Rc5 49. a6 Ke3 50. a7 Rc4+ 51. Kh3 Ra4 52. Rf7 Kf3 53. Rxf6 Ra1 54. a8=Q+ Rxa8 55. Rxh6 Ra1 56. Kh4 Ra4+ 57. Kg5 Kxg3 58. Rg6 1-0


[Site "https://www.chess.com"]

[Event "Titled Tuesday Blitz March 22 Early 2022"]
[White "Araujo Filho, Luiz Antonio Coel"]
[Black "Dev, Shah"]
[WhiteFideId "2130661"]
[BlackFideId "35019058"]
[WhiteElo "2211"]
[BlackElo "2075"]
[Result "1-0"]
[Round "04"]
[TimeControl "180+1"]
[Date "2022.03.22"]
[WhiteClock "0:00:12"]
[BlackClock "0:00:20"]

1. d4 d5 2. Nf3 Nf6 3. e3 c5 4. c3 e6 5. Bd3 Nc6 6. Nbd2 Bd6 7. Qe2 cxd4 8. exd4 Qc7 9. O-O Bd7 10. Re1 O-O 11. Ne5 Rae8 12. Ndf3 Bc8 13. Bg5 Nd7 14. Bf4 f6 15. Nxc6 bxc6 16. Bxd6 Qxd6 17. Qc2 f5 18. Ne5 Nxe5 19. Rxe5 c5 20. Rae1 Bd7 21. h3 Rb8 22. dxc5 Qxc5 23. c4 Qd4 24. b3 Rfc8 25. Qe2 Rc5 26. cxd5 Rxd5 27. Rxd5 exd5 28. Qe5 Qxe5 29. Rxe5 g6 30. Rxd5 Be6 31. Ra5 Rb7 32. Kf1 Kf7 33. Ke2 Ke7 34. Ke3 Kd6 35. g3 Rc7 36. Kd4 h6 37. f4 Bf7 38. Ra6+ Ke7 39. Bc4 Rd7+ 40. Kc3 Be8 41. Re6+ Kd8 42. Ra6 Rc7 43. Kd4 Re7 44. Kc5 Rc7+ 45. Kd6 Rd7+ 46. Ke6 Rc7 47. Kf6 Kc8 48. Re6 Kd8 49. Rd6+ Kc8 50. a4 Rc5 51. Ke7 Bxa4 52. Rd8+ Kc7 53. Rd5 Rc6 54. Rd7+ Kb6 55. Rd6 Kc5 56. Rxc6+ Bxc6 57. Bf7 Kb4 58. Kf6 Be4 59. Kxg6 Bc2 60. Kxh6 Bxb3 61. Bxb3 Kxb3 62. g4 a5 63. g5 a4 64. g6 a3 65. g7 a2 66. g8=Q+ Kb2 67. Qa8 Ka1 68. Qxa2+ Kxa2 69. Kg5 Kb3 70. Kxf5 Kc4 71. Ke5 Kc5 72. f5 Kc6 73. Ke6 Kc7 74. Ke7 Kc6 75. f6 Kd5 76. f7 Ke5 77. f8=Q Ke4 78. Qf6 Ke3 79. h4 Kd3 80. h5 Kd2 81. h6 Ke2 82. h7 Ke1 83. h8=Q Kd1 84. Qf2 1-0


[Site "https://www.chess.com"]

[Event "Titled Tuesday Blitz March 22 Early 2022"]
[White "Ardila, Oscar Humberto"]
[Black "Ronka, Erik"]
[WhiteFideId "4404742"]
[BlackFideId "505080"]
[WhiteElo "1966"]
[BlackElo "2264"]
[Result "0-1"]
[Round "04"]
[TimeControl "180+1"]
[Date "2022.03.22"]
[WhiteClock "0:00:03"]
[BlackClock "0:00:32"]

1. d4 d5 2. c4 c6 3. Nf3 Nf6 4. Nc3 e6 5. b3 b6 6. Bd2 Bb7 7. g3 Nbd7 8. Bg2 Bd6 9. e3 O-O 10. O-O Qe7 11. Qc2 c5 12. Rac1 Rac8 13. Nb5 Bb8 14. dxc5 Qxc5 15. Rfd1 a6 16. Nbd4 dxc4 17. Qxc4 Qxc4 18. bxc4 Nc5 19. Bb4 h6 20. a4 a5 21. Ba3 Rfd8 22. Bxc5 Rxc5 23. Nb5 Rdc8 24. Nd2 Bxg2 25. Kxg2 Kf8 26. Kf3 Ke7 27. Rb1 Nd7 28. Nd4 g6 29. Rb5 e5 30. Rxc5 Nxc5 31. Nb5 Nxa4 32. Rb1 f5 33. e4 Nc5 34. Nc3 Bc7 35. Nd5+ Kf7 36. Nxc7 Rxc7 37. Rxb6 a4 38. Rb5 Kf6 39. Ra5 Rc6 40. Ke3 Ke6 41. f3 Kd6 42. Rb5 Ra6 0-1


[Site "https://www.chess.com"]

[Event "Titled Tuesday Blitz March 22 Early 2022"]
[White "Artemenko, Oleg"]
[Black "Batsiashvili, Nino"]
[WhiteFideId "14201798"]
[BlackFideId "13602993"]
[WhiteElo "2287"]
[BlackElo "2192"]
[Result "1-0"]
[Round "04"]
[TimeControl "180+1"]
[Date "2022.03.22"]
[WhiteClock "0:00:21"]
[BlackClock "0:00:16"]

1. d4 d5 2. Nc3 Nf6 3. Bf4 a6 4. e3 c5 5. dxc5 Nc6 6. Nf3 e6 7. Na4 Bxc5 8. Nxc5 Qa5+ 9. c3 Qxc5 10. Ne5 O-O 11. Bd3 Nxe5 12. Bxe5 Nd7 13. Bg3 e5 14. Qh5 g6 15. Qh6 d4 16. Rc1 dxe3 17. fxe3 e4 18. Be2 Ne5 19. Bh4 f5 20. O-O Be6 21. Bg3 Bxa2 22. b4 Qe7 23. c4 Rac8 24. c5 Nf7 25. Qf4 Rfd8 26. Rc2 Bb3 27. Rb2 Be6 28. h4 Rd7 29. Kh2 Rcd8 30. Be1 h5 31. Bc3 Kh7 32. c6 bxc6 33. Bxa6 Ra8 34. b5 cxb5 35. Bxb5 Rb7 36. Bc6 Rxb2 37. Bxb2 Ra2 38. Bd4 Nh6 39. Qb8 Ng4+ 40. Kg1 Bg8 41. Bd5 1-0


[Site "https://www.chess.com"]

[Event "Titled Tuesday Blitz March 22 Early 2022"]
[White "Avazkhonov, Alikhon"]
[Black "Demin, Vladimir"]
[WhiteFideId "14208504"]
[BlackFideId "4167457"]
[WhiteElo "1739"]
[BlackElo "2535"]
[Result "0-1"]
[Round "04"]
[TimeControl "180+1"]
[Date "2022.03.22"]
[WhiteClock "0:00:11"]
[BlackClock "0:01:07"]

1. f4 d5 2. Nf3 Nf6 3. g3 e6 4. Bg2 Be7 5. O-O O-O 6. d3 b5 7. Qe1 Bb7 8. Ne5 Nbd7 9. e4 dxe4 10. Nxd7 Qxd7 11. Nc3 Bb4 12. dxe4 c5 13. a3 Ba5 14. Qe2 c4 15. e5 Bxg2 16. Qxg2 Bxc3 17. bxc3 Nd5 18. Qf3 Qc7 19. a4 a6 20. Ba3 Rfd8 21. Kh1 bxa4 22. Bd6 Qc6 23. f5 exf5 24. Qxf5 Nxc3+ 25. Rf3 Rd7 26. Kg1 Ne2+ 27. Kf2 Nd4 0-1


[Site "https://www.chess.com"]

[Event "Titled Tuesday Blitz March 22 Early 2022"]
[White "Baches Garcia, Guillermo"]
[Black "Kozak, Adam"]
[WhiteFideId "2209764"]
[BlackFideId "753246"]
[WhiteElo "2459"]
[BlackElo "2459"]
[Result "1-0"]
[Round "04"]
[TimeControl "180+1"]
[Date "2022.03.22"]
[WhiteClock "0:00:07"]
[BlackClock "0:00:02"]

1. e4 c6 2. Nc3 d5 3. Nf3 Bg4 4. h3 Bxf3 5. Qxf3 e6 6. g3 Nf6 7. Bg2 Nbd7 8. O-O Bb4 9. exd5 cxd5 10. d4 O-O 11. a3 Be7 12. Bf4 Rc8 13. Qd3 Qb6 14. Na4 Qc6 15. Nc3 Nb6 16. Rfc1 Nc4 17. Nd1 Qb6 18. b3 Nxa3 19. c4 Qa6 20. Nb2 b6 21. Bf1 Qb7 22. Be3 b5 23. cxb5 Rb8 24. Bf4 Rbc8 25. Na4 Ne4 26. Be3 g5 27. Nc5 Qb8 28. Rxa3 f5 29. b4 f4 30. Bd2 fxg3 31. fxg3 Nf2 32. Qe2 Rf6 33. Bg2 Rcf8 34. Rf1 Ne4 35. Nxe4 dxe4 36. Qxe4 Rxf1+ 37. Bxf1 Qxg3+ 38. Rxg3 Bf6 39. Bd3 Rf7 40. Bxg5 Rg7 41. Kg2 Rxg5 42. Qxe6+ Kg7 43. Rxg5+ Bxg5 44. Qd7+ Kf6 45. Qxh7 Ke6 46. Qf5+ Kd6 47. Qxg5 Kc7 48. Qd5 Kb6 49. Qc6# 1-0


[Site "https://www.chess.com"]

[Event "Titled Tuesday Blitz March 22 Early 2022"]
[White "Bettalli, Francesco"]
[Black "Oganian, Miran"]
[WhiteFideId "2816453"]
[BlackFideId "4122488"]
[WhiteElo "2216"]
[BlackElo "2357"]
[Result "0-1"]
[Round "04"]
[TimeControl "180+1"]
[Date "2022.03.22"]
[WhiteClock "0:01:29"]
[BlackClock "0:01:30"]

1. d4 e6 2. Nc3 d5 3. Bf4 Nf6 4. Nb5 Na6 5. e3 c6 6. Nc3 Bd6 7. Nf3 Bb4 8. Bd3 Qa5 9. Qd2 c5 10. a3 c4 11. Be2 Ne4 12. Qc1 Bxc3+ 13. bxc3 Qxc3+ 14. Kf1 h6 15. h4 Bd7 16. g3 Ba4 17. Ra2 O-O-O 18. Kg2 f6 19. Qb2 g5 20. hxg5 hxg5 21. Rb1 Qxb2 22. Raxb2 Nc3 23. Rxb7 Nxb1 24. Rxa7 gxf4 25. Rxa6 Bxc2 26. Rxe6 fxg3 27. fxg3 Be4 28. Kf2 Nc3 29. Bf1 Bxf3 30. Kxf3 Ne4 31. a4 Kd7 32. Rb6 Rb8 0-1


[Site "https://www.chess.com"]

[Event "Titled Tuesday Blitz March 22 Early 2022"]
[White "Bluebaum, Matthias"]
[Black "Krishnan, Varun"]
[WhiteFideId "24651516"]
[BlackFideId "5054508"]
[WhiteElo "2550"]
[BlackElo "2609"]
[Result "1/2-1/2"]
[Round "04"]
[TimeControl "180+1"]
[Date "2022.03.22"]
[WhiteClock "0:00:25"]
[BlackClock "0:00:07"]

1. b3 d5 2. Bb2 c6 3. Nf3 Nf6 4. d3 g6 5. g3 Bg7 6. Bg2 O-O 7. c4 Nbd7 8. O-O Re8 9. Nbd2 a5 10. a3 e5 11. b4 e4 12. dxe4 dxe4 13. Ng5 e3 14. fxe3 Rxe3 15. Nge4 Nxe4 16. Bxg7 Nxd2 17. Qxd2 Qe7 18. Bd4 Rxe2 19. Qf4 axb4 20. axb4 Rxa1 21. Rxa1 Re1+ 22. Rxe1 Qxe1+ 23. Bf1 Qxb4 24. Qc7 Qf8 25. Bh3 Qe8 26. Kf2 Nb6 27. Qf4 Bxh3 28. Qf6 Kf8 29. Bc5+ Kg8 30. Bd4 Kf8 31. Qg7+ Ke7 32. Bxb6 Qd7 33. Bc5+ Ke6 34. Qc3 f6 35. Bd4 Kf7 36. Qe3 Qf5+ 37. Ke1 Qe6 38. Kf2 Qxe3+ 39. Kxe3 Be6 40. c5 Bd5 41. Kf4 Ke6 42. h4 h5 43. Bc3 Bc4 44. Bb2 Be2 45. Bc3 Bg4 46. Bb2 Kd5 47. Ba3 Kc4 48. Ke4 Bf5+ 49. Kf4 Kb3 50. Bc1 Kb4 51. Be3 Kc4 52. Bg1 Kd3 53. Bf2 Ke2 54. Bd4 Kd3 55. Bxf6 Kc4 56. Be7 Kd5 57. Bf8 Ke6 58. Ke3 Kd5 59. Kf4 Ke6 60. Kg5 Kd5 61. Kf6 Kc4 62. Ke5 Kb5 63. Kd6 Ka6 64. Kc7 Bg4 65. Bd6 Bf5 66. Bf4 Bg4 67. Be3 Bf5 68. Kd6 Bg4 69. Bf2 Bf5 70. Ke5 Bc2 71. Kf6 Bf5 72. Ke5 Bb1 73. Kd4 Bf5 74. Kc4 Bg4 75. Kb4 Bf5 76. Be3 Bg4 77. Kc3 Bf5 78. Kd4 Bg4 79. Ke5 Bf5 80. Kf6 Bc2 81. Kf7 Bf5 82. Kg7 Bc2 83. Kf6 Bf5 84. g4 Bxg4 85. Kxg6 Be2 86. Kg5 Bg4 87. Bf2 Bd1 88. Kf4 Bg4 89. Kg5 Bd1 90. Kf4 Bg4 91. Kg5 1/2-1/2


[Site "https://www.chess.com"]

[Event "Titled Tuesday Blitz March 22 Early 2022"]
[White "Borodavkin, Anatoly"]
[Black "Migot, Tangi"]
[WhiteFideId "14150662"]
[BlackFideId "662445"]
[WhiteElo "1845"]
[BlackElo "2503"]
[Result "0-1"]
[Round "04"]
[TimeControl "180+1"]
[Date "2022.03.22"]
[WhiteClock "0:00:03"]
[BlackClock "0:00:31"]

1. e4 c5 2. Nc3 a6 3. g3 b5 4. Bg2 Bb7 5. d3 h5 6. h3 h4 7. g4 e6 8. f4 g5 9. fxg5 Ne7 10. Nf3 Ng6 11. O-O Qc7 12. Qe1 Nc6 13. Be3 Bd6 14. e5 Ncxe5 15. Ne4 Bxe4 16. dxe4 Nxf3+ 17. Rxf3 Ne5 18. Rf1 Nc4 19. Bf2 Bh2+ 20. Kh1 Be5 21. Bxh4 Bxb2 22. Rb1 Bg7 23. Bg3 Be5 24. Bxe5 Nxe5 25. Qf2 O-O-O 26. Kg1 d6 27. a4 b4 28. c3 a5 29. cxb4 axb4 30. a5 Kb8 31. a6 Ka7 32. Qe2 Rb8 33. Ra1 c4 34. Rfc1 Qc5+ 35. Kh1 b3 36. Rab1 c3 37. Qd1 c2 38. Qe1 cxb1=Q 39. Rxb1 b2 40. Qe2 Qd4 0-1


[Site "https://www.chess.com"]

[Event "Titled Tuesday Blitz March 22 Early 2022"]
[White "Brodowski, Piotr"]
[Black "Toncheva, Nadya"]
[WhiteFideId "1124480"]
[BlackFideId "2924056"]
[WhiteElo "2422"]
[BlackElo "1884"]
[Result "1-0"]
[Round "04"]
[TimeControl "180+1"]
[Date "2022.03.22"]
[WhiteClock "0:00:23"]
[BlackClock "0:00:01"]

1. e4 c5 2. Nf3 d6 3. Bb5+ Nc6 4. c3 Bd7 5. O-O a6 6. Ba4 Nf6 7. Re1 g6 8. h3 Bg7 9. d4 cxd4 10. cxd4 O-O 11. e5 Ne8 12. Nc3 Rc8 13. Bb3 dxe5 14. dxe5 Nc7 15. Bg5 Be6 16. Bc2 Nd5 17. Ne4 Nxe5 18. Nxe5 Bxe5 19. Bh6 Bg7 20. Bxg7 Kxg7 21. Ng5 Nf4 22. Qf3 Rxc2 23. Qxf4 Bd5 24. Rad1 e6 25. Ne4 Qc7 26. Qf6+ Kg8 27. Nc3 b5 28. Rd4 Rxc3 29. bxc3 Qxc3 30. Red1 Bxa2 31. h4 h5 32. R1d3 Qc1+ 33. Kh2 Bd5 34. Rg3 Qh6 35. Rf4 a5 36. Qe5 a4 37. Rf6 Kh7 38. Rc3 b4 39. Rc7 Qg7 40. Qf4 Kg8 41. g4 hxg4 42. h5 b3 43. hxg6 1-0


[Site "https://www.chess.com"]

[Event "Titled Tuesday Blitz March 22 Early 2022"]
[White "Bryakin, Mikhail"]
[Black "Hakobyan, Aram"]
[WhiteFideId "4165314"]
[BlackFideId "13306677"]
[WhiteElo "2417"]
[BlackElo "2557"]
[Result "0-1"]
[Round "04"]
[TimeControl "180+1"]
[Date "2022.03.22"]
[WhiteClock "0:00:04"]
[BlackClock "0:00:38"]

1. e4 c6 2. Nf3 d5 3. Nc3 dxe4 4. Nxe4 Nf6 5. Qe2 Bg4 6. h3 Bh5 7. Nxf6+ gxf6 8. Qe3 Nd7 9. Bc4 e6 10. d4 Nb6 11. Be2 Nd5 12. Qb3 Qb6 13. c3 Rg8 14. Kf1 O-O-O 15. Qxb6 axb6 16. Be3 b5 17. a4 bxa4 18. Rxa4 Bd6 19. Ne1 Bxe2+ 20. Kxe2 f5 21. g3 f4 22. gxf4 Bxf4 23. Bxf4 Nxf4+ 24. Kf3 Nd5 25. Nc2 Kc7 26. Ne3 Rg6 27. Nxd5+ Rxd5 28. Ra8 Rf5+ 29. Ke2 Rg2 30. Rf1 Rh2 31. Re8 Rxh3 32. Re7+ Kb6 33. Re8 Rh2 34. Rg8 h5 35. Rg3 Rh4 36. Re3 Rhf4 37. Rh3 h4 38. Rh2 Kb5 39. b3 Rf3 40. Kd2 h3 41. Kc2 c5 42. dxc5 Rxc5 43. c4+ Kb4 44. Rfh1 Rc3+ 45. Kd2 Rxb3 46. Rxh3 Rxh3 47. Rxh3 Rxc4 48. Rh7 Rc7 49. Kd3 b5 50. Rh1 Ka3 51. Ra1+ Kb2 52. Ra8 b4 53. Rb8 b3 54. f4 Ka2 55. Ra8+ Kb1 56. Rb8 b2 57. Kd2 Rd7+ 58. Ke2 Rd5 59. Rb4 Kc2 0-1


[Site "https://www.chess.com"]

[Event "Titled Tuesday Blitz March 22 Early 2022"]
[White "Buscar, Michael"]
[Black "Omariev, Maksim"]
[WhiteFideId "2603616"]
[BlackFideId "4193423"]
[WhiteElo "2010"]
[BlackElo "2521"]
[Result "1-0"]
[Round "04"]
[TimeControl "180+1"]
[Date "2022.03.22"]
[WhiteClock "0:00:08"]
[BlackClock "0:00:01"]

1. d4 h5 2. c4 h4 3. Nc3 c6 4. e4 d6 5. Be3 h3 6. g3 e5 7. d5 Nf6 8. f3 Be7 9. g4 cxd5 10. cxd5 a6 11. Nxh3 b5 12. a3 Nfd7 13. Qd2 Bh4+ 14. Nf2 Nc5 15. Bxc5 dxc5 16. Ne2 Nd7 17. Bg2 Nb6 18. Ng3 Nc4 19. Qe2 Bg5 20. Nd3 Bd2+ 21. Kf1 Qg5 22. a4 Ne3+ 23. Kf2 Nc2 24. Rad1 Be3+ 25. Kf1 Nd4 26. Qe1 c4 27. Nxe5 Nc2 28. Qc3 Bd4 29. Qxc2 Qxe5 30. Qd2 Bxb2 31. f4 Qc7 32. d6 Qc5 33. Qxb2 c3 34. Qc2 Qc4+ 35. Kf2 b4 36. Bf1 Qc5+ 37. Kf3 Be6 38. Rc1 Rc8 39. Bxa6 Rb8 40. Bb5+ Kd8 41. Rhd1 Rb7 42. f5 1-0


[Site "https://www.chess.com"]

[Event "Titled Tuesday Blitz March 22 Early 2022"]
[White "Chigaev, Maksim"]
[Black "Golubev, Mikhail"]
[WhiteFideId "4108116"]
[BlackFideId "14100983"]
[WhiteElo "2502"]
[BlackElo "2374"]
[Result "1-0"]
[Round "04"]
[TimeControl "180+1"]
[Date "2022.03.22"]
[WhiteClock "0:00:02"]
[BlackClock "0:00:01"]

1. d4 Nf6 2. Nc3 d5 3. Bf4 c5 4. e3 cxd4 5. Nb5 Qa5+ 6. c3 dxc3 7. b4 Qxb4 8. Nc7+ Kd8 9. Nxa8 c2+ 10. Qd2 Qb1+ 11. Qc1 Qb4+ 12. Ke2 Qc4+ 13. Ke1 Qc3+ 14. Ke2 e5 15. Bxe5 Qxe5 16. Qxc2 Nc6 17. Rd1 Bg4+ 18. Nf3 Bd6 19. h3 Bxf3+ 20. gxf3 Ke7 21. Qb3 b6 22. Qa4 Na5 23. Rg1 Rxa8 24. Rxg7 Ne4 25. fxe4 Qxg7 26. Rxd5 Rc8 27. e5 Bxe5 28. Qe4 f6 29. f4 Qg1 30. fxe5 Qh2+ 31. Bg2 Rc2+ 32. Qxc2 Qxg2+ 33. Ke1 Qxd5 34. Qxh7+ Ke6 35. exf6 Kxf6 36. Qh6+ Kf7 37. Qf4+ Kg8 38. h4 Kh7 39. e4 Qc5 40. Qf7+ 1-0


[Site "https://www.chess.com"]